Map: Dusk Towers

Players

Beastyqt

  • Race: Terran Terran
  • League: Master

ShoWTimE - Winner!

  • Race: Protoss Protoss
  • League: Master

Event: DreamHack ZOWIE Open Leipzig

VOD

Have the link to the VOD?

Description

Time

  • Played on: Jan. 22, 2016, 8 a.m.
  • Length: 13:56

All games in this series

Show
View Real Time Build Order
Export as new Build Order

Beastyqt Terran 

Build Orders: MMM Bio 

Get SALT Encoding   

  12  0:00  SCV  
  13  0:12  SCV  
  14  0:23  Supply Depot  
  14  0:25  SCV  
  15  0:32  Refinery  
  15  0:44  SCV  
  15  0:46  Barracks  
  16  0:56  SCV  
  17  1:08  SCV  
  18  1:20  SCV  
  19  1:33  Marine  
  19  1:34  Orbital Command  
  20  1:46  Command Center  
  20  1:53  Supply Depot  
  20  1:54  Barracks Reactor  
  20  2:00  SCV  
  21  2:12  SCV  
  22  2:22  Command Center  
  22  2:25  SCV  
  23  2:30  Marine x2  
  23  2:35  Bunker  
  25  2:37  SCV  
  26  2:47  Marine x2  
  26  2:50  SCV  
  29  2:53  Barracks  
  29  2:59  Orbital Command  
  29  3:02  SCV  
  30  3:14  SCV  
  30  3:16  Barracks  
  30  3:17  Marine  
  30  3:19  Marine  
  33  3:25  SCV  
  33  3:26  SCV  
  35  3:34  Engineering Bay  
  35  3:36  Orbital Command  
  35  3:39  SCV  
  35  3:40  SCV  
  37  3:43  Barracks Tech Lab  
  36  3:48  Refinery  
  36  3:50  Marine x2  
  36  3:51  SCV  
  36  3:54  SCV  
  40  4:03  SCV, Missile Turret  
  40  4:04  SCV  
  40  4:08  Missile Turret  
  43  4:10  SCV, Barracks Tech Lab, Missile Turret  
  43  4:14  Marine  
  43  4:15  SCV  
  43  4:17  Stimpack  
  45  4:19  SCV  
  45  4:22  Marine  
  45  4:23  SCV  
  48  4:24  Marine  
  48  4:31  SCV  
  50  4:32  Marine  
  50  4:33  Factory, Orbital Command  
  50  4:35  Marine  
  50  4:38  SCV  
  53  4:44  Supply Depot  
  53  4:47  SCV  
  53  4:49  Marine  
  53  4:50  Marine  
  53  4:51  Terran Infantry Weapons Level 1  
  57  4:55  SCV, Supply Depot  
  57  4:56  Marine x2  
  60  5:00  SCV x2  
  60  5:03  Refinery x2  
  60  5:05  Combat Shields  
  61  5:07  SCV  
  61  5:10  Supply Depot  
  61  5:12  Marine x2  
  64  5:16  SCV  
  65  5:23  SCV, Factory Reactor  
  65  5:26  Starport  
  65  5:28  SCV  
  66  5:32  Marine x2  
  66  5:33  Marine  
  69  5:36  SCV  
  69  5:37  Supply Depot, Barracks  
  69  5:38  Supply Depot, Barracks  
  69  5:40  SCV  
  71  5:47  Supply Depot  
  71  5:48  SCV  
  71  5:52  SCV, Orbital Command  
  71  5:55  Marine  
  71  5:56  Marauder x2  
  76  6:00  SCV  
  76  6:03  Missile Turret  
  77  6:04  SCV  
  77  6:09  Missile Turret  
  78  6:11  Factory Reactor  
  78  6:12  SCV, Medivac  
  78  6:13  Supply Depot  
  78  6:16  SCV  
  82  6:20  SCV  
  82  6:22  Marine x2  
  82  6:23  Marine x2  
  82  6:24  SCV  
  88  6:26  Barracks Reactor, Barracks Tech Lab  
  88  6:28  SCV  
  88  6:30  Supply Depot  
  88  6:32  SCV  
  90  6:36  SCV  
  90  6:38  Medivac  
  93  6:40  SCV, Concussive Shells, Marine  
  93  6:42  Medivac  
  93  6:44  SCV  
  93  6:45  Bunker  
  97  6:48  Bunker  
  97  6:50  Widow Mine x2  
  97  6:51  Marine x4  
  104  6:54  SCV x2  
  104  6:58  Marine  
  104  6:59  Ghost Academy  
  104  7:00  SCV  
  108  7:02  Marine  
  108  7:04  Liberator  
  108  7:06  SCV  
  110  7:09  Marauder  
  110  7:10  Supply Depot  
  110  7:11  Supply Depot  
  110  7:13  Terran Infantry Armor Level 1  
  110  7:14  Liberator  
  110  7:15  Missile Turret  
  112  7:17  SCV x2  
  116  7:27  Missile Turret  
  116  7:28  Supply Depot  
  116  7:29  SCV  
  117  7:35  Supply Depot  
  120  7:41  Marauder, Marine x2  
  120  7:42  Marauder  
  125  7:46  Armory, Engineering Bay  
  125  7:51  Marauder, Marine  
  128  7:53  Widow Mine  
  128  7:54  Widow Mine  
  128  7:56  Barracks x2  
  128  7:58  Refinery, Barracks, Liberator x2  
  132  7:59  Refinery  
  132  8:05  Ghost x2  
  132  8:09  Marine  
  137  8:13  SCV x2  
  145  8:25  Ghost, Marine x2  
  149  8:28  Supply Depot  
  149  8:30  Supply Depot  
  149  8:40  Ghost, Liberator  
  149  8:41  Personal Cloaking, Liberator  
  149  8:44  Marine  
  149  8:49  SCV, Marine x7  
  163  9:12  Terran Infantry Weapons Level 2, Marine x4  
  163  9:15  Marine  
  155  9:26  Marauder, Marine  
  155  9:27  Marauder x2, Marine  
  155  9:30  Marine x4  
  161  9:33  Marine  
  161  9:36  Command Center  
  162  9:44  Marine x2  
  162  9:47  Marine x2  
  162  9:48  Marine x4  
  167  9:55  Liberator  
  167  9:57  Marine x2  
  158  10:02  Marine x2  
  158  10:05  Marine  
  158  10:06  Marauder x3, Marine x2  
  166  10:15  Marine x2  
  166  10:20  Marine  
  165  10:27  Marine  
  165  10:28  Marauder x2  
  170  10:40  Supply Depot, Terran Infantry Armor Level 2  
  170  10:42  Supply Depot  
  170  10:43  Marauder, Marine x2  
  174  10:53  SCV x3  
  176  11:00  Medivac x2  
  179  11:13  Marauder, Marine x2  
  169  11:35  Marauder x2, Marine  
  169  11:36  Marine  
  169  11:37  Liberator x2  
  163  11:40  SCV, Planetary Fortress  
  163  11:42  SCV, Missile Turret  
  161  11:55  Barracks Tech Lab x3, Marine  
  161  11:56  Marine x4  
  172  12:04  Marine  
  172  12:05  Missile Turret, Marine  
  172  12:16  Ghost x2, Marine  
  176  12:28  Sensor Tower  
  162  12:48  Ghost x2  
  162  12:50  Ghost  
  157  13:11  Ghost x2, Marine x2  
  157  13:12  Marine  
  152  13:21  Marine  
  140  13:27  Marine  
Show
View Real Time Build Order
Export as new Build Order

ShoWTimE Protoss - Winner!

Build Orders: 1 Gate Expand, Oracle Opening 

Get SALT Encoding   

  12  0:01  Probe (Chrono Boost)  
  13  0:11  Probe (Chrono Boost)  
  14  0:17  Pylon  
  14  0:22  Probe (Chrono Boost)  
  15  0:36  Gateway, Probe (Chrono Boost)  
  15  0:42  Assimilator  
  16  0:47  Probe (Chrono Boost)  
  17  0:57  Probe (Chrono Boost)  
  18  1:08  Probe (Chrono Boost)  
  19  1:23  Nexus  
  19  1:32  Cybernetics Core  
  19  1:34  Probe (Chrono Boost)  
  20  1:42  Assimilator  
  20  1:45  Probe (Chrono Boost)  
  21  1:50  Pylon  
  21  1:55  Probe (Chrono Boost)  
  24  2:08  Adept  
  24  2:09  Mothership Core (Chrono Boost)  
  24  2:14  Warp Gate  
  26  2:27  Probe (Chrono Boost)  
  27  2:35  Probe (Chrono Boost)  
  27  2:36  Adept  
  30  2:37  Probe (Chrono Boost)  
  31  2:45  Probe (Chrono Boost)  
  31  2:48  Probe (Chrono Boost), Stargate  
  33  2:56  Probe (Chrono Boost)  
  34  2:58  Probe (Chrono Boost)  
  34  3:03  Adept  
  37  3:07  Probe (Chrono Boost)  
  37  3:09  Probe (Chrono Boost)  
  39  3:17  Probe (Chrono Boost), Pylon  
  41  3:20  Probe (Chrono Boost)  
  41  3:27  Probe (Chrono Boost)  
  41  3:30  Probe (Chrono Boost), Adept  
  45  3:35  Oracle (Chrono Boost)  
  45  3:36  Probe  
  49  3:42  Probe  
  49  3:47  Probe  
  50  3:49  Nexus  
  50  3:54  Probe, Pylon  
  52  3:57  Probe  
  52  4:02  Pylon  
  53  4:06  Probe  
  54  4:11  Probe  
  54  4:14  Twilight Council  
  54  4:15  Forge  
  55  4:18  Probe  
  55  4:19  Pylon  
  55  4:21  Probe  
  57  4:25  Assimilator  
  57  4:27  Assimilator  
  57  4:30  Probe  
  58  4:32  Probe  
  59  4:38  Protoss Ground Weapons Level 1  
  59  4:40  Gateway  
  59  4:42  Probe  
  59  4:43  Probe  
  61  4:46  Gateway  
  61  4:51  Blink (Chrono Boost)  
  61  4:54  Probe  
  61  4:55  Probe  
  63  5:01  Probe  
  63  5:02  Pylon  
  63  5:06  Probe  
  65  5:08  Probe, Pylon  
  65  5:10  Sentry  
  65  5:11  Probe  
  69  5:19  Probe  
  70  5:21  Probe  
  70  5:23  Gateway  
  70  5:24  Gateway  
  70  5:25  Probe, Gateway  
  72  5:31  Probe  
  72  5:34  Robotics Facility  
  73  5:35  Probe x2  
  73  5:40  Gateway  
  75  5:43  Probe  
  75  5:44  Gateway  
  75  5:48  Probe  
  77  5:53  Stalker x2  
  77  5:54  Stalker  
  77  5:55  Probe  
  77  5:56  Probe  
  84  6:00  Pylon  
  85  6:05  Probe, Assimilator  
  85  6:06  Probe  
  85  6:10  Probe, Assimilator  
  85  6:11  Pylon  
  88  6:19  Stalker  
  88  6:20  Stalker x3  
  88  6:24  Warp Prism (Chrono Boost)  
  98  6:30  Stalker  
  98  6:32  Resonating Glaives  
  100  6:34  Pylon  
  100  6:37  Protoss Ground Weapons Level 2  
  100  6:39  Stalker x2  
  104  6:40  Stalker  
  104  6:45  Templar Archives  
  106  6:50  Stalker x2  
  110  7:03  Pylon  
  110  7:07  Probe  
  111  7:12  Stalker x6  
  111  7:14  Stalker  
  111  7:15  Psionic Storm  
  125  7:16  Stalker  
  125  7:19  Observer (Chrono Boost)  
  125  7:22  Pylon  
  128  7:43  High Templar x2  
  132  7:48  Nexus  
  134  7:52  Pylon  
  134  7:56  Photon Cannon  
  134  7:57  High Templar  
  136  7:58  Adept x3  
  136  8:02  Immortal, Pylon  
  136  8:04  Pylon x2  
  142  8:08  Pylon  
  142  8:11  Adept x2  
  148  8:17  Pylon  
  148  8:21  Sentry, Adept  
  148  8:22  Sentry, Adept x2  
  158  8:38  Immortal  
  158  8:40  Adept  
  160  8:42  Probe  
  160  8:46  Probe  
  165  8:53  Fleet Beacon  
  165  8:55  Assimilator x2  
  165  8:56  Stargate, Protoss Ground Armor Level 1  
  165  9:00  Photon Cannon  
  164  9:04  High Templar  
  166  9:13  Adept x3  
  172  9:31  Pylon  
  172  9:42  Tempest x2 (Chrono Boost)  
  180  9:47  Adept x4  
  180  9:48  Adept x4  
  176  10:08  Warp Prism  
  176  10:12  High Templar x2  
  176  10:13  Photon Cannon  
  182  10:14  Photon Cannon  
  182  10:16  Photon Cannon  
  182  10:20  Tempest x2 (Chrono Boost)  
  182  10:23  Dark Shrine  
  182  10:25  Adept x5  
  182  10:26  Adept  
  192  10:36  Protoss Ground Weapons Level 3 (Chrono Boost)  
  192  10:47  Pylon  
  192  10:52  Pylon  
  192  10:53  High Templar x2  
  194  11:05  Tempest (Chrono Boost)  
  194  11:07  Forge  
  198  11:14  High Templar  
  192  11:38  Dark Templar x2  
  192  11:39  Adept x3  
  200  11:49  Protoss Ground Armor Level 2 (Chrono Boost)  
  200  11:57  Observer  
  199  12:01  Photon Cannon  
  199  12:03  Photon Cannon  
  199  12:05  Robotics Bay  
  199  12:12  Gateway, Charge  
  199  12:14  Gateway  
  199  12:17  Gateway  
  199  12:19  Gateway  
  199  12:22  Gateway  
  189  12:45  Sentry, Dark Templar x2  
  189  12:46  Adept x2  
  195  13:02  Adept x3  
  179  13:13  Probe x2  
  179  13:14  Probe  
  169  13:43  Nexus  
  169  13:49  Archon  

Tags
 
Add a new tag
Caveats
  • Supply blocks, unpowered buildings, or Contaminate may cause inaccurate times.
  • Supply counts are checked every 10 seconds.